 Dungeon Crawl Stone Soup version 0.20.1-1-g8b1a95d (webtiles) character file.

189 Lanoc the Insei (level 5, -3/34 HPs)
             Began as an Octopode Transmuter on Dec 3, 2017.
             Killed from afar by an orc wizard (13 damage)
             ... with a puff of flame
             ... on level 3 of the Dungeon.
             The game lasted 00:05:38 (1654 turns).

Lanoc the Insei (Octopode Transmuter)               Turns: 1654, Time: 00:05:39

Health: -3/34      AC:  1    Str: 10    XL:     5   Next: 68%
Magic:  7/8        EV: 14    Int: 16    God:
Gold:   80         SH:  0    Dex: 12    Spells: 3/9 levels left

rFire    . . .     SeeInvis .     - Unarmed
rCold    . . .     Gourm    .   (no shield)
rNeg     . . .     Faith    .   (helmet restricted)
rPois    .         Spirit   .   (no amulet)
rElec    .         Reflect  .   (no ring)
rCorr    .         Harm     .   (no ring)
MR       .....                  (no ring)
Stlth    +++.......             (no ring)
Regen    0.2/turn               (no ring)
MPRegen  0.2/turn               (no ring)
                                (no ring)
                                (no ring)

@: appendage
A: almost no armour, stealthy swim, amphibious, 8 rings, constrict 8, tentacle
spike 3, camouflage 1, gelatinous body 1
a: End Transformation


You were on level 3 of the Dungeon.
You were not hungry.
One of your tentacles had a temporary spike.
You visited 1 branch of the dungeon, and saw 3 of its levels.

You collected 80 gold pieces.

Inventory:

Missiles
 a - 26 arrows
Scrolls
 h - a scroll of remove curse
Potions
 e - 2 potions of might
Books
 b - a book of Changes

   Spells                             Type                      Level
   a - Beastly Appendage              Transmutation                1
   b - Sticks to Snakes               Transmutation                2
   c - Spider Form                    Transmutation/Poison         3
   d - Ice Form                       Ice/Transmutation            4
   e - Blade Hands                    Transmutation                5
Comestibles
 c - 3 bread rations
 d - 3 chunks of flesh
 f - 4 meat rations


   Skills:
 + Level 1.7 Fighting
 + Level 2.8 Dodging
 + Level 2.0 Stealth
 * Level 4.1 Unarmed Combat
 + Level 2.5 Spellcasting
 * Level 3.3 Transmutations


You had 3 spell levels left.
You knew the following spells:

 Your Spells              Type           Power        Failure   Level  Hunger
a - Beastly Appendage     Tmut           ##....       4%          1    #......
b - Sticks to Snakes      Tmut           ##......     8%          2    ##.....
c - Spider Form           Tmut/Pois      #.........   30%         3    ###....


Dungeon Overview and Level Annotations

Branches:
Dungeon (3/15)

Altars:
Xom
Yredelemnul


Innate Abilities, Weirdness & Mutations

You cannot wear most types of armour.
You are very stealthy in the water. (Stealth+)
You are amphibious.
You can wear up to eight rings at the same time.
You can use your tentacles to constrict eight enemies at once.
Your skin changes colour to match your surroundings (Stealth+).
Your rubbery body absorbs attacks. (AC +1, EV +1)
One of your tentacles bears a large vicious spike.


Message History

A quokka comes into view.
An orc wizard comes into view. It is wielding a dagger.
The orc wizard shouts!
The orc wizard gestures at you while chanting.
The magic dart hits you!
An orc comes into view. It is wielding a whip.
You see here 15 gold pieces.
You now have 80 gold pieces (gained 15).
The orc shouts!
Casting: Beastly Appendage
Confirm with . or Enter, or press ? or * to list all spells.
One of your tentacles grows a vicious spike.
The orc wizard points at you and mumbles some strange words.
The magic dart hits you!
The orc wizard gestures at you while chanting.
The puff of flame hits you!
* * * LOW HITPOINT WARNING * * *
The orc wizard points at you and mumbles some strange words.
The puff of flame hits you!
You die...

..##### .##............####
.......####.##..###.#####.....
............##..##............
.............#......####......
.......o.....##.##.#####..†...
.....o...............##......
#.._......#.#.###.##.....<
#.r...#.....#...#.##......
#.......#@..###.#.........
#.....#.....#.#.#####..###
#^......#..>..............
#.....#...#.###.####......
####....#.#.....#.#<...###
#..#...#######.........
#....#.# #.#.#..... #..#...#
#.#.##..#. ##...#.# # #.......


You could see an orc wizard and an orc.

Vanquished Creatures
  The ghost of Brandom the Ruffian, an amateur TrAM (D:3)
  An adder (D:3)
  An ooze (D:2)
  2 leopard geckos
  An orc (D:3)
  3 giant cockroaches
  3 goblins
  7 hobgoblins
  4 jackals (D:2)
  2 kobolds
  2 quokkas
  4 bats
  A frilled lizard (D:2)
  2 rats (D:1)
34 creatures vanquished.

Vanquished Creatures (collateral kills)
  An adder (D:3)
1 creature vanquished.

Grand Total: 35 creatures vanquished

Notes
Turn   | Place    | Note
-------+----------+-------------------------------------------
     0 | D:1      | Lanoc the Octopode Transmuter began the quest for the Orb.
     0 | D:1      | Reached XP level 1. HP: 13/13 MP: 3/3
   109 | D:1      | Reached XP level 2. HP: 7/18 MP: 3/5
   113 | D:1      | Learned a level 2 spell: Sticks to Snakes
   578 | D:1      | Reached skill level 1 in Stealth
   851 | D:2      | Found a basalt altar of Yredelemnul.
   875 | D:2      | Reached XP level 3. HP: 19/23 MP: 4/6
  1336 | D:3      | Noticed Brandom's ghost (amateur TrAM)
  1360 | D:3      | Killed Brandom's ghost
  1360 | D:3      | Reached skill level 4 in Unarmed Combat
  1360 | D:3      | Reached XP level 4. HP: 6/29 MP: 0/7
  1360 | D:3      | Reached XP level 5. HP: 7/34 MP: 0/8
  1620 | D:3      | Learned a level 3 spell: Spider Form
  1638 | D:3      | Found a shimmering altar of Xom.
  1654 | D:3      | Killed from afar by an orc wizard

Skill      XL: |  1  2  3 |
---------------+----------+-----
Stealth        | 1 2 |  2.0
Unarmed Combat | 4 |  4.1
Transmutations | 3 |  3.3
Fighting       | |  1.7
Dodging        | |  2.8
Spellcasting   | |  2.5

Action                   |  1- 3 |  4- 6 || total
-------------------------+-------+-------++-------
Melee: Unarmed           |    68 |     4 ||    72
       Constrict         |    18 |       ||    18
       Tentacles         |     7 |       ||     7
       Kick              |    15 |       ||    15
 Cast: Beastly Appendage |    18 |     2 ||    20
       Sticks to Snakes  |     3 |       ||     3
  Use: Potion            |     4 |       ||     4
       Scroll            |     2 |       ||     2
 Stab: Sleeping          |     2 |       ||     2
  Eat: Chunk             |     2 |     1 ||     3
Armor: Skin              |     2 |       ||     2
Dodge: Dodged            |    33 |     3 ||    36
